 Dungeon Crawl Stone Soup version 0.29.1-1-gd02db6906a (webtiles) character file.

Game seed: 4968877449605703643

130 MisterFreud the Twirler (level 5, -1/38 HPs)
             Began as a Formicid Gladiator on Oct 9, 2022.
             Slain by a gnoll
             ... wielding a +0 spear
              (3 damage)
             ... on level 3 of the Dungeon.
             The game lasted 00:02:14 (2686 turns).

MisterFreud the Twirler (Formicid Gladiator)        Turns: 2686, Time: 00:02:14

Health: -1/38      AC:  5    Str: 20    XL:     5   Next: 36%
Magic:  5/5        EV: 11    Int:  8    God:
Gold:   65         SH:  0    Dex: 15    Spells: 4/4 levels left

rFire   . . .      SeeInvis +   a - +1 quarterstaff
rCold   . . .      Faith    .   (no shield)
rNeg    . . .      Spirit   .   e - +0 ring mail
rPois   .          Reflect  .   (helmet unavailable)
rElec   .          Harm     .   (no cloak)
rCorr   .          Rampage  .   (no gloves)
Will    .....                   (no boots)
Stlth   +.........              (no amulet)
HPRegen 0.12/turn               (no ring)
MPRegen 0.09/turn               (no ring)

@: no status effects
A: permanent stasis, dig shafts and tunnels, antennae 3, four strong arms
a: Dig, Shaft Self


You were on level 3 of the Dungeon.
You visited 1 branch of the dungeon, and saw 3 of its levels.

You collected 65 gold pieces.

Inventory:

Hand Weapons
 a - a +1 quarterstaff (weapon)
Missiles
 c - 3 throwing nets (quivered)
 d - a javelin
Armour
 b - a +0 leather armour
 e - a +0 ring mail (worn)
Jewellery
 g - an amulet of the acrobat
Scrolls
 j - a scroll of enchant weapon
Potions
 f - a potion of flight
 h - a potion of attraction
 i - a potion of brilliance
 m - 2 potions of curing


   Skills:
 - Level 2.1 Fighting
 + Level 5.6 Staves
 - Level 2.0 Throwing
 - Level 2.6 Dodging


You had 4 spell levels left.
You didn't know any spells.
Your spell library contained the following spells:

 Spells                   Type           Power      Damage    Failure   Level
 Sandblast                Erth           0%         2d4       58%         1
 Ensorcelled Hibernation  Hex/Ice        0%         N/A       75%         2
 Passwall                 Tmut/Erth      0%         N/A       75%         2
 Gell's Gravitas          Tloc           0%         N/A       92%         3
 Stone Arrow              Conj/Erth      0%         3d7       92%         3
 Teleport Other           Tloc           0%         N/A       92%         3
 Dispersal                Tloc           0%         N/A       100%        6
 Swiftness                Air            Unusable   N/A       N/A         3

Dungeon Overview and Level Annotations

Branches:
Dungeon (3/15)

Altars:


Innate Abilities, Weirdness & Mutations

You cannot be hasted, slowed, berserked, paralysed or teleported.
You can dig through walls and to a lower floor.
You have a pair of large antennae on your head. (SInv)
Your four strong arms can wield two-handed weapons with a shield.


Message History

A gnoll comes into view. It is wielding a +0 halberd.
An adder comes into view.
The adder hisses angrily.
The gnoll barely misses you.
You thump the gnoll!
The gnoll is severely wounded.
The gnoll hits you but does no damage.
You closely miss the gnoll.
The gnoll is severely wounded.
The gnoll hits you with a +0 whip.
You hit the gnoll.
The gnoll is severely wounded.
The gnoll hits you with a +0 whip.
The gnoll hits you from afar with a +0 spear.
You sock the gnoll!
You kill the gnoll!
The gnoll hits you from afar with a +0 spear.
The gnoll hits you from afar with a +0 halberd.
The gnoll hits you with a +0 spear.
You see here a +0 whip.
You hit the gnoll.
The gnoll is lightly wounded.
The gnoll closely misses you.
The gnoll hits you from afar with a +0 halberd!
* * * LOW HITPOINT WARNING * * *
You are too injured to fight recklessly!
You completely miss the gnoll.
The gnoll is lightly wounded.
The gnoll hits you with a +0 spear.
* * * LOW HITPOINT WARNING * * *
The gnoll closely misses you.
You are too injured to fight recklessly!
You hit the gnoll.
The gnoll is heavily wounded.
The gnoll hits you with a +0 spear.
* * * LOW HITPOINT WARNING * * *
The gnoll hits you but does no damage. The gnoll attacks as you move away!
The gnoll closely misses you.
The gnoll hits you from afar with a +0 spear.
You die...

## .. ## #.#
############ #.#
....Sgg)@..#
##.##
.#########.#
#...#
#.###...###
#.#.......######
#......[....)...
###.......######
##########...###
.........>...#
##############


You could see 2 gnolls and an adder.

Vanquished Creatures
  An orc wizard (D:3)
  2 gnolls
  4 adders (D:2)
  A dart slug (D:2)
  2 orcs (D:3)
  4 bats
  5 endoplasms
  2 giant cockroaches (D:1)
  6 goblins
  A hobgoblin (D:1)
  6 jackals
  A quokka (D:2)
  3 ball pythons
  4 kobolds
  A rat (D:1)
43 creatures vanquished.

Vanquished Creatures (others)
  A plant (D:1)
  4 toadstools (D:1)
5 creatures vanquished.

Grand Total: 48 creatures vanquished

Notes
Turn   | Place    | Note
-------+----------+-------------------------------------------
     0 | D:1      | MisterFreud the Formicid Gladiator began the quest for the
                  | Orb.
     0 | D:1      | Reached XP level 1. HP: 16/16 MP: 1/1
   255 | D:1      | Reached XP level 2. HP: 22/22 MP: 2/2
   764 | D:1      | Reached skill level 4 in Staves
   764 | D:1      | Reached XP level 3. HP: 27/27 MP: 3/3
   819 | D:1      | Found a faded altar of an unknown god.
  1501 | D:2      | Reached XP level 4. HP: 27/33 MP: 4/4
  1733 | D:2      | Reached skill level 5 in Staves
  2516 | D:3      | Reached XP level 5. HP: 26/38 MP: 5/5
  2685 | D:3      | HP: 1/38 [gnoll/+0 spear (4)]
  2686 | D:3      | Slain by a gnoll

Illustrated notes

Levels and vault maps discovered:
D:1:      ldierk_walled_garden_2, layout_basic, basic_ecumenical_altar,
          serial_bayou_pond_b
D:2:      layout_rooms, serial_co_window_serial, co_window_corner_a,
          co_window_corner_a, co_window_corner_a, co_window_cross_1,
          co_window_corner_a, co_window_corner_b, co_window_corner_ca,
          co_window_corner_b, co_window_2corner, co_window_4corner_a,
          glass_columns_b, glass_columns_b, glass_columns_b, glass_columns_c
D:3:      layout_loops_ring, roderic_batcave, uniq_grinder

Skill      XL: |  1  2  3  4 |
---------------+-------------+-----
Staves         | 4 5 |  5.6
Fighting       | |  2.1
Throwing       | |  2.0
Dodging        | |  2.6

Action                   |  1- 3 |  4- 6 || total
-------------------------+-------+-------++-------
Melee: Quarterstaff      |    63 |    62 ||   125
  Use: Scroll            |     5 |     3 ||     8
Armor: Leather armour    |     8 |       ||     8
       Ring mail         |    28 |    18 ||    46
Dodge: Dodged            |    38 |    36 ||    74
